 Dungeon Crawl Stone Soup version 0.23-a0-650-ga4d50d4 (webtiles) character file.

105 Amnesiac the Changer (level 4, -4/22 HPs)
             Began as a Spriggan Transmuter on Jan 2, 2019.
             Slain by a sky beast (6 damage)
             ... on level 5 of the Dungeon.
             The game lasted 00:04:07 (1188 turns).

Amnesiac the Changer (Spriggan Transmuter)          Turns: 1188, Time: 00:04:08

Health: -4/22      AC:  2    Str:  6    XL:     4   Next: 54%
Magic:  1/19       EV: 19    Int: 19    God:
Gold:   72         SH:  0    Dex: 16    Spells: 6/10 levels left

rFire    . . .     SeeInvis +     - Unarmed
rCold    . . .     Gourm    .   (shield restricted)
rNeg     . . .     Faith    .   b - +0 robe
rPois    .         Spirit   .   (helmet restricted)
rElec    .         Reflect  .   (no cloak)
rCorr    .         Harm     .   (gloves unavailable)
MR       .....                  (boots unavailable)
Stlth    +.........             (no amulet)
HPRegen  0.07/turn              l - ring of magical power
MPRegen  0.16/turn              m - +4 ring of intelligence

@: confusing touch, appendage, very slightly contaminated, very quick
A: very small, unfitting armour, fangs 1, horns 2, see invisible, herbivore,
speed 3, screaming 1, slow metabolism 2
a: End Transformation


You were on level 5 of the Dungeon.
You were not hungry.
You had grown temporary horns.
You visited 1 branch of the dungeon, and saw 5 of its levels.

You collected 72 gold pieces.

Inventory:

Hand Weapons
 h - a +0 hunting sling
Missiles
 a - 8 arrows
Armour
 b - a +0 robe (worn)
Jewellery
 l - a ring of magical power (left hand)
 m - a +4 ring of intelligence (right hand)
Wands
 c - a wand of acid (7)
 n - a wand of random effects (13)
Scrolls
 e - a scroll of enchant armour {!r, unknown}
 g - a scroll of identify {!r, unknown}
 i - 2 scrolls of teleportation {!r, unknown}
 j - 3 scrolls of magic mapping {!r, unknown}
Potions
 f - 2 potions of degeneration {!q, unknown}
 k - 2 potions of haste {!q, unknown}
Comestibles
 d - 3 rations


   Skills:
 - Level 1.0 Fighting
 + Level 4.3 Dodging
 - Level 2.4 Unarmed Combat
 + Level 3.7 Spellcasting
 * Level 4.8 Transmutations


You had 6 spell levels left.
You knew the following spells:

 Your Spells              Type           Power        Failure   Level  Hunger
a - Beastly Appendage     Tmut           ###...       1%          1    None
b - Sticks to Snakes      Tmut           ###.....     3%          2    ##.....
z - Confusing Touch       Hex            #.....       14%         1    None

Your spell library contained the following spells:

 Spells                   Type           Power        Failure   Level  Hunger
 Spider Form              Tmut/Pois      ##........   16%         3    ###....
 Confuse                  Hex            #.......     38%         3    ###....
 Gell's Gravitas          Tloc           #.........   38%         3    ###....
 Ice Form                 Ice/Tmut       ##......     45%         4    ####...
 Petrify                  Tmut/Erth      ##......     45%         4    ####...
 Blade Hands              Tmut           ###.......   47%         5    ######.
 Yara's Violent Unravell  Hex/Tmut       ##........   82%         5    ######.
 Metabolic Englaciation   Hex/Ice        #.........   98%         5    ######.


Dungeon Overview and Level Annotations

Branches:
Dungeon (5/15)
 Temple: D:4-7

Altars:

Annotations:
D:5 Eustachio


Innate Abilities, Weirdness & Mutations

You are very small and have problems with some larger weapons.
You are too small for most types of armour.
You have supernaturally acute eyesight. (SInv)
You are a herbivore.
You cover ground extremely quickly.
You need to consume almost no food.
You have very sharp teeth.
You have a pair of horns on your head.
You occasionally shout uncontrollably at your foes.


Message History

You pick up a book of Misfortune and begin reading...
You add the spells Confusing Touch, Confuse, Gell's Gravitas, Petrify,
Found a forked bronze wand.
Memorise Confusing Touch, consuming 1 spell level and leaving 6?
You start memorising the spell.
You continue memorising.
You finish memorising.
Spell assigned to 'z'.
Casting: Sticks to Snakes (safe; 3% risk of failure)
Confirm with . or Enter, or press ? or * to list all spells.
You grow a pair of large bovine horns.
Casting: Beastly Appendage (safe; 1% risk of failure)
Confirm with . or Enter, or press ? or * to list all spells.
You miscast Confusing Touch.
You are very lightly contaminated with residual magic.
Your skin tingles.
The orc closely misses you.
You barely miss the orc. You headbutt the orc, but do no damage.
You punch the orc, but do no damage. The orc closely misses you.
You closely miss the orc. You headbutt the orc.
The orc is heavily wounded.
The sky beast flickers out of sight for a moment.
You hit the orc but do no damage.
The orc is heavily wounded.
The orc misses you.
Unknown command.
You barely miss the orc.
The orc is heavily wounded.
The orc closely misses you.
Casting: Confusing Touch (safe; 14% risk of failure)
Confirm with . or Enter, or press ? or * to list all spells.
Your hands begin to glow red.
The orc hits you with a +0 club.
* * * LOW HITPOINT WARNING * * *
You barely miss the orc.
The orc is heavily wounded.
The orc barely misses you.
You hit the orc but do no damage.
The orc appears confused.
The orc is heavily wounded.
The orc misses you.
You hit the orc.
The orc is almost dead.
The orc closely misses you.
You hit the orc.
You kill the orc!
Casting: Confusing Touch (safe; 14% risk of failure)
Confirm with . or Enter, or press ? or * to list all spells.
You miscast Confusing Touch.
Strange energies run through your body.
You see here a wand of random effects (13).
n - a wand of random effects (13)
The sky beast misses you.
Casting: Confusing Touch (safe; 14% risk of failure)
Confirm with . or Enter, or press ? or * to list all spells.
Your hands begin to glow red.
Eustachio mumbles some strange words.
The sky beast hits you.
* * * LOW HITPOINT WARNING * * *
The sky beast shocks you.
* * * LOW HITPOINT WARNING * * *
You hit the sky beast but do no damage.
The sky beast is heavily wounded.
You hit the sky beast but do no damage.
You bite the sky beast, but do no damage.
The sky beast is heavily wounded.
The sky beast hits you.
* * * LOW HITPOINT WARNING * * *
The sky beast shocks you.
You die...

#################
######........@≈......
###...............######
#........#.######.###
#.#.###.##..........# ####.#.#
#.#######.###.## .. ##o...#.# #@#
#....# #..# #.# ##.###.#.# #Y#
#.##.###..# ...##.####...# #5#
#.........#
....#(#......###@####.#..#.#..###
.%.......≈...@..55...............
..............?..................
...........$..................†..
..........................>......
.................................


You could see Eustachio, a sky beast, a quasit, a shadow imp and an ufetubus.

Vanquished Creatures
  A scorpion (D:4)
  2 adders (D:4)
  An adder skeleton (D:4)
  A leopard gecko (D:5)
  3 orcs
  A bat (D:2)
  A giant cockroach (D:4)
10 creatures vanquished.

Vanquished Creatures (collateral kills)
  A centaur skeleton (D:4)
  A worker ant (D:4)
  An adder (D:4)
  A worm (D:4)
  2 orcs (D:4)
6 creatures vanquished.

Grand Total: 16 creatures vanquished

Notes
Turn   | Place    | Note
-------+----------+-------------------------------------------
     0 | D:1      | Amnesiac the Spriggan Transmuter began the quest for the
                  | Orb.
     0 | D:1      | Reached XP level 1. HP: 9/9 MP: 5/5
   176 | D:4      | Noticed a worker ant
   267 | D:4      | Noticed a scorpion
   348 | D:4      | Reached skill level 1 in Fighting
   348 | D:4      | Reached XP level 2. HP: 7/14 MP: 4/6
   357 | D:4      | Learned a level 2 spell: Sticks to Snakes
   395 | D:4      | Reached XP level 3. HP: 4/18 MP: 5/8
   650 | D:4      | Killed a scorpion
   650 | D:4      | Reached XP level 4. HP: 11/22 MP: 3/10
   651 | D:4      | Gained mutation: You occasionally shout uncontrollably at
                  | your foes. [potion of mutation]
   651 | D:4      | Gained mutation: You have very sharp teeth. [potion of
                  | mutation]
   943 | D:5      | Entered Level 5 of the Dungeon
  1029 | D:5      | Noticed Eustachio
  1030 | D:5      | Noticed a sky beast
  1157 | D:5      | Learned a level 1 spell: Confusing Touch
  1188 | D:5      | Slain by a sky beast

Vault maps used:
D:1:      dpeg_arrival_signposts
D:2:      overflow_temple_1_default, columned_hall_lemuel,
          minmay_misc_feat_cross
D:3:      marbit_many_paths, lemuel_coloured_pillars_altar, first_ration,
          uniq_jessica
D:4:      minmay_misc_feat_iff
D:5:      cheibrodos_barr_body, kennysheep_mini_moat, uniq_pikel, uniq_eustachio

Skill      XL: |  1  2  3 |
---------------+----------+-----
Transmutations | 3 4 |  4.8
Fighting       | 1 |  1.0
Spellcasting   | 3 |  3.7
Dodging        | 4 |  4.3
Unarmed Combat | |  2.4

Action                   |  1- 3 |  4- 6 || total
-------------------------+-------+-------++-------
Melee: Unarmed           |    33 |    26 ||    59
       Kick              |     4 |       ||     4
       Headbutt          |     4 |     3 ||     7
       Bite              |       |     4 ||     4
       Punch             |       |     1 ||     1
 Cast: Beastly Appendage |     4 |     4 ||     8
       Sticks to Snakes  |     7 |    11 ||    18
       Confusing Touch   |       |     2 ||     2
  Use: Potion            |       |     2 ||     2
Armor: Robe              |     3 |       ||     3
Dodge: Dodged            |    22 |    20 ||    42

Table legend:
 A = Non-vault XP
 B = Vault XP
 C = Vault XP percentage of total XP
 D = Non-vault monster count
 E = Vault monster count
 F = Vault count percentage of total count
                 A         B        C        D         E       F
            +---------+---------+-------+---------+---------+-------
      Total |     151 |       0 |   0.0 |      16 |       0 |   0.0
            +---------+---------+-------+---------+---------+-------
        D:2 |       2 |       0 |   0.0 |       1 |       0 |   0.0
        D:3 |       3 |       0 |   0.0 |       1 |       0 |   0.0
        D:4 |     140 |       0 |   0.0 |      12 |       0 |   0.0
        D:5 |       6 |       0 |   0.0 |       2 |       0 |   0.0
            +---------+---------+-------+---------+---------+-------
